Map: Templo óseo EE

Players

TATORREA

  • Race: Protoss Protoss
  • League: Gold
  • Spawn Location: 1:00

MrFercho

  • Race: Zerg Zerg
  • League: Gold
  • Spawn Location: 12:00

tigro

  • Race: Terran Terran
  • League: Bronze
  • Spawn Location: 3:00

Guido - Winner!

  • Race: Protoss Protoss
  • League: Gold
  • Spawn Location: 7:00

KrazyLegz - Winner!

  • Race: Terran Terran
  • League: Silver
  • Spawn Location: 7:00

chiefseth - Winner!

  • Race: Terran Terran
  • Spawn Location: 6:00

VOD

Have the link to the VOD?

Description

Time

  • Played on: Aug. 1, 2020, 11:48 p.m.
  • Length: 16:28
Show
View Real Time Build Order
Export as new Build Order

TATORREA Protoss 

Build Orders: Carriers 

Get SALT Encoding   

  12  0:03  Probe  
  13  0:15  Probe  
  14  0:27  Pylon  
  14  0:30  Probe  
  15  0:45  Probe  
  16  0:55  Gateway  
  16  0:59  Gateway  
  16  1:07  Probe (Chrono Boost)  
  17  1:17  Assimilator  
  18  1:19  Probe (Chrono Boost)  
  18  1:21  Pylon  
  18  1:23  Assimilator  
  18  1:24  Probe (Chrono Boost)  
  19  1:37  Probe  
  20  1:49  Probe  
  20  1:51  Cybernetics Core  
  20  1:54  Assimilator  
  20  2:01  Probe  
  21  2:13  Probe  
  22  2:25  Probe  
  22  2:27  Zealot x2  
  27  2:31  Warp Gate (Chrono Boost)  
  27  2:41  Twilight Council  
  27  2:52  Nexus  
  27  2:58  Pylon  
  27  3:03  Probe  
  28  3:11  Zealot  
  30  3:15  Probe  
  30  3:16  Zealot  
  30  3:18  Charge (Chrono Boost)  
  33  3:28  Probe  
  34  3:40  Probe  
  34  3:41  Pylon  
  35  3:52  Probe  
  36  3:58  Pylon  
  36  4:04  Probe x2  
  38  4:13  Robotics Facility  
  38  4:16  Probe x2  
  40  4:18  Pylon  
  40  4:25  Zealot  
  40  4:28  Probe (Chrono Boost), Zealot  
  45  4:36  Probe (Chrono Boost)  
  46  4:40  Probe (Chrono Boost)  
  48  4:46  Probe (Chrono Boost)  
  48  4:48  Probe (Chrono Boost)  
  48  4:50  Forge  
  48  4:51  Probe (Chrono Boost)  
  49  4:54  Probe  
  49  4:59  Assimilator  
  51  5:01  Probe  
  51  5:03  Blink (Chrono Boost)  
  51  5:04  Assimilator  
  51  5:07  Probe  
  53  5:14  Probe  
  54  5:17  Protoss Ground Weapons Level 1 (Chrono Boost)  
  54  5:19  Probe  
  55  5:21  Warp Prism  
  57  5:41  Gateway  
  57  5:43  Gateway  
  57  5:45  Gateway  
  57  5:52  Probe  
  58  6:49  Stalker x3  
  58  6:50  Stalker x2  
  68  6:57  Immortal  
  72  7:08  Protoss Air Weapons Level 1  
  72  7:32  Nexus  
  72  7:35  Pylon  
  72  7:37  Pylon  
  72  7:44  Probe x2, Protoss Ground Weapons Level 2 (Chrono Boost)  
  78  7:51  Immortal  
  78  7:56  Probe x2  
  80  8:01  Stargate  
  80  8:02  Stargate  
  80  8:03  Stargate  
  80  8:05  Stargate  
  80  8:08  Probe  
  80  8:12  Probe  
  82  8:13  Gateway  
  82  8:15  Gateway  
  82  8:18  Gateway  
  82  8:20  Probe  
  82  8:21  Pylon  
  82  8:24  Probe  
  82  8:25  Pylon  
  84  8:29  Pylon  
  84  8:32  Stalker x2  
  84  8:33  Stalker x3  
  94  8:35  Pylon  
  94  8:55  Probe x3  
  97  9:07  Probe x3  
  97  9:09  Assimilator, Fleet Beacon  
  100  9:15  Assimilator  
  100  9:19  Templar Archives, Probe x3  
  103  9:26  Nexus  
  103  9:27  Pylon  
  103  9:30  Pylon  
  103  9:44  Probe  
  103  9:45  Probe x2  
  106  9:51  Void Ray  
  106  9:52  Void Ray x2  
  114  9:55  Void Ray  
  114  9:56  Probe  
  114  9:57  Probe x2  
  114  9:59  Unknown  
  125  10:09  Probe x3  
  128  10:21  Probe  
  129  10:25  Protoss Air Weapons Level 2 (Chrono Boost)  
  129  10:28  Probe  
  129  10:29  Probe  
  129  10:34  Void Ray x2  
  139  10:37  Void Ray  
  139  10:39  Tempest  
  148  10:43  Assimilator  
  148  10:47  Assimilator  
  148  10:49  High Templar  
  150  10:50  High Templar x4  
  150  10:53  Protoss Ground Weapons Level 3 (Chrono Boost)  
  150  10:55  Archon x2  
  158  11:13  Probe x3  
  158  11:15  Probe  
  162  11:25  Probe  
  163  11:29  Stalker x3  
  163  11:30  Stalker  
  171  11:48  Pylon  
  171  11:51  Pylon  
  171  11:54  Pylon  
  171  11:57  Pylon  
  171  12:01  Pylon  
  168  12:13  Probe x2  
  168  12:14  Probe  
  171  12:30  Forge  
  171  12:32  Cybernetics Core  
  171  12:33  High Templar x5  
  171  12:34  High Templar x3  
  171  12:36  Stargate  
  187  12:37  Archon x2  
  187  12:38  Gateway, Archon  
  187  12:39  Archon  
  187  12:40  Gateway  
  187  12:42  Gateway  
  187  12:45  Carrier  
  187  12:47  Carrier  
  199  12:53  Gateway  
  199  12:54  Gateway  
  199  13:03  Nexus  
  199  13:05  Pylon, Probe  
  200  13:06  Pylon  
  200  13:11  Gateway  
  200  13:13  Gateway  
  200  13:18  Gateway  
  200  13:19  Gateway  
  166  13:33  Zealot x3  
  166  13:34  Zealot x4  
  130  13:35  Zealot  
  107  13:48  Zealot  
  107  13:49  Zealot x2  
  107  13:50  Carrier (Chrono Boost)  
  107  13:51  Carrier x2 (Chrono Boost)  
  103  13:59  Psionic Storm  
  125  14:04  Carrier (Chrono Boost)  
  123  14:14  Protoss Air Armor Level 1 (Chrono Boost)  
  119  14:34  Assimilator  
  119  14:37  Carrier (Chrono Boost)  
  119  14:38  Carrier (Chrono Boost)  
  116  14:39  Assimilator  
  133  14:53  Carrier (Chrono Boost)  
  133  14:58  Carrier  
Show
View Real Time Build Order
Export as new Build Order

MrFercho Zerg 

Build Orders: Hatch First, Lurkers 

Get SALT Encoding   

  12  0:01  Drone  
  13  0:16  Overlord  
  13  0:18  Drone  
  14  0:34  Drone x2  
  16  0:55  Hatchery, Drone  
  16  0:59  Drone  
  16  1:02  Drone  
  18  1:13  Extractor  
  17  1:19  Spawning Pool  
  17  1:21  Drone  
  17  1:25  Drone  
  18  1:32  Drone  
  19  1:43  Drone  
  20  1:54  Overlord  
  20  2:07  Queen  
  20  2:08  Queen  
  22  2:09  Zergling x2  
  22  2:10  Zergling x2  
  26  2:16  Drone  
  26  2:17  Metabolic Boost  
  26  2:19  Drone  
  28  2:25  Drone  
  28  2:29  Drone  
  30  2:36  Drone  
  31  2:39  Drone  
  32  2:51  Overlord  
  32  2:54  Overlord  
  32  2:57  Queen  
  34  2:59  Queen  
  37  3:12  Drone  
  37  3:13  Drone x3  
  40  3:26  Drone x2  
  40  3:27  Drone x3  
  43  3:30  Zergling x2  
  46  3:38  Lair  
  46  3:42  Drone  
  46  3:43  Baneling Nest  
  46  3:45  Zergling x6  
  46  3:48  Zergling x6  
  52  3:57  Overlord x2  
  52  4:04  Drone, Evolution Chamber  
  52  4:17  Zergling x2  
  52  4:18  Zergling x12  
  59  4:24  Overlord  
  59  4:31  Zerg Melee Weapons Level 1  
  59  4:34  Zergling x10  
  64  4:44  Zergling x2  
  65  4:47  Overlord  
  65  4:48  Overlord  
  65  4:49  Zergling x4  
  67  5:06  Hatchery, Drone  
  67  5:07  Zergling x8  
  71  5:22  Baneling  
  71  5:23  Baneling x9  
  71  5:26  Zergling x10  
  76  5:31  Zergling x8  
  80  5:37  Zergling x2  
  75  6:18  Zergling x2  
  75  6:19  Zergling x20  
  80  6:31  Overlord x2  
  55  6:43  Drone  
  55  6:44  Drone x5  
  55  6:45  Drone x2  
  63  6:49  Extractor  
  63  6:51  Extractor  
  61  7:06  Zerg Missile Weapons Level 1  
  61  7:10  Hydralisk Den  
  60  7:22  Drone  
  61  7:26  Extractor, Drone  
  61  7:29  Drone x3  
  64  7:32  Hatchery  
  63  7:40  Hatchery  
  62  7:45  Muscular Augments  
  62  7:50  Drone  
  63  7:52  Lurker Den  
  62  8:07  Overlord x3  
  62  8:08  Hydralisk x4  
  62  8:09  Hydralisk  
  72  8:28  Hydralisk  
  72  8:29  Hydralisk x3  
  80  8:37  Drone x18  
  80  8:38  Drone x3  
  101  8:53  Infestation Pit  
  100  8:57  Grooved Spines  
  100  9:05  Extractor  
  100  9:08  Lurker x3  
  100  9:09  Extractor  
  101  9:11  Extractor  
  101  9:12  Lurker  
  101  9:14  Extractor  
  100  9:19  Overlord x3  
  100  9:33  Queen  
  102  9:39  Drone x2  
  102  9:41  Drone x2  
  102  9:42  Drone  
  102  9:43  Drone  
  102  9:44  Drone x2  
  102  9:45  Drone x3  
  113  9:47  Drone  
  113  9:48  Drone x5  
  113  9:49  Drone x4  
  113  9:50  Drone  
  124  10:02  Hive  
  124  10:08  Spire  
  123  10:18  Queen  
  123  10:20  Hydralisk x8  
  123  10:21  Hydralisk x2  
  145  10:29  Overlord x4  
  145  10:30  Overlord  
  145  10:36  Hydralisk x2  
  149  10:43  Pneumatized Carapace  
  149  10:47  Hydralisk x4  
  149  10:49  Overlord  
  157  10:50  Overlord  
  157  10:55  Overseer x2  
  157  10:56  Overseer  
  157  10:58  Hydralisk x5  
  167  11:34  Hydralisk x7  
  167  11:35  Hydralisk x9  
  199  12:37  Hatchery  
  195  12:57  Seismic Spines  
  168  13:00  Greater Spire  
  168  13:01  Zerg Missile Weapons Level 2  
  133  13:05  Evolution Chamber  
  133  13:09  Evolution Chamber  
  133  13:10  Hydralisk x9  
  133  13:11  Hydralisk x19  
  133  13:12  Hydralisk x3  
  150  13:32  Zergling x26  
  139  13:54  Adaptive Talons  
  107  13:59  Hydralisk x14  
  120  14:14  Hydralisk x6  
  120  14:15  Hydralisk x4  
  140  14:34  Lurker x5  
  140  14:35  Hydralisk  
  140  14:36  Hydralisk  
  140  14:37  Zergling x2  
  140  14:38  Zergling x26  
  161  14:51  Hydralisk x5  
  161  14:52  Hydralisk  
  127  15:28  Hydralisk x17  
  136  15:37  Overseer  
  136  15:38  Overseer  
  136  15:39  Hydralisk x2  
  136  15:41  Zergling x8  
  136  15:42  Zergling x8  
Show
View Real Time Build Order
Export as new Build Order

tigro Terran 

Build Orders:  

Get SALT Encoding   

  12  0:14  SCV  
  13  0:24  Supply Depot  
  13  0:27  SCV  
  14  0:39  SCV  
  15  0:51  Barracks, SCV  
  16  1:01  Supply Depot  
  16  1:03  SCV  
  17  1:14  Refinery  
  17  1:15  SCV  
  18  1:27  SCV  
  19  1:34  Refinery  
  19  1:39  SCV  
  20  1:40  Marine  
  21  1:51  SCV  
  22  1:58  Marine  
  23  2:02  Engineering Bay  
  23  2:03  SCV  
  24  2:15  Marine  
  24  2:20  SCV  
  26  2:33  Marine  
  27  2:37  Factory, Terran Infantry Weapons Level 1  
  27  2:42  Orbital Command  
  27  2:51  Marine  
  28  3:12  Barracks Tech Lab  
  28  3:22  Factory Tech Lab  
  28  3:32  Combat Shield  
  28  3:33  Command Center  
  28  3:46  Missile Turret  
  28  3:58  Siege Tank  
  31  4:10  Missile Turret  
  31  4:18  Marine  
  32  4:30  Siege Tank  
  32  4:31  Missile Turret  
  35  4:47  Refinery  
  35  4:51  Stimpack, SCV  
  36  4:54  Marine  
  36  4:57  Missile Turret  
  37  5:01  Terran Infantry Armor Level 1  
  37  5:03  SCV  
  38  5:11  Marine  
  38  5:12  Siege Tank  
  42  5:15  SCV  
  43  5:27  SCV  
  44  5:29  Marine  
  45  5:37  Starport  
  45  5:39  SCV  
  46  5:47  Marine  
  47  6:05  Marine  
  41  6:39  SCV  
  42  6:45  Refinery  
  42  6:46  Medivac  
  44  6:51  SCV  
  44  6:53  Marine  
  46  7:03  SCV  
  46  7:06  Barracks  
  47  7:11  Marine  
  47  7:15  SCV  
  49  7:21  Armory  
  49  7:22  Starport Tech Lab  
  49  7:27  SCV  
  49  7:29  Marine  
  51  7:36  Neosteel Armor  
  51  7:46  Marine  
  52  7:57  Barracks Reactor  
  52  8:04  Marine  
  53  8:10  Fusion Core  
  53  8:22  Marine  
  54  8:32  Missile Turret  
  54  8:40  Marine  
  55  8:42  Thor  
  55  8:46  Terran Vehicle Weapons Level 1  
  61  8:54  Missile Turret  
  61  8:58  Supply Depot, Marine  
  62  9:16  Hi-Sec Auto Tracking, Missile Turret  
  62  9:20  Marine, Battlecruiser  
  62  9:21  Supply Depot  
  69  9:25  Thor  
  69  9:26  Weapon Refit  
  75  9:34  Command Center  
  75  9:37  Marine, Missile Turret  
  76  9:45  Supply Depot  
  76  9:59  Missile Turret  
  76  10:08  Thor  
  82  10:15  Refinery  
  82  10:22  Marine x3  
  82  10:24  Medivac  
  87  10:34  SCV  
  88  10:40  Terran Vehicle And Ship Armor Level 1  
  88  10:46  SCV  
  88  10:48  SCV  
  88  10:49  Refinery  
  90  10:54  Battlecruiser  
  96  10:58  SCV  
  96  11:00  SCV  
  98  11:12  SCV  
  98  11:14  SCV  
  100  11:25  SCV  
  101  11:26  SCV  
  102  11:37  SCV  
  102  11:38  SCV  
  104  11:40  Terran Infantry Weapons Level 2  
  104  11:46  Rapid Reignition System  
  104  11:50  SCV  
  104  11:51  Thor  
  111  11:55  Marine x2  
  111  11:56  Marine  
  111  11:58  Battlecruiser  
  120  12:02  SCV  
  121  12:13  Marine x2  
  123  12:16  Planetary Fortress  
  123  12:31  Missile Turret  
  123  12:34  Terran Ship Weapons Level 1  
  123  12:52  Missile Turret  
  123  13:14  Missile Turret  
  123  13:16  Marine  
  123  13:17  Marine x2  
  104  13:23  Medivac  
  100  13:34  Marine  
  100  13:35  Marine x2, Missile Turret  
  69  13:52  Marine x3  
  69  13:53  Medivac  
  74  13:56  Terran Infantry Armor Level 2  
  68  14:05  Missile Turret  
  67  14:10  Marine x3  
  70  14:23  Battlecruiser  
  76  14:26  Missile Turret  
  76  14:28  Marine x3  
  79  14:45  Marine  
  79  14:46  Marine x2  
  71  15:04  Thor, Marine  
Show
View Real Time Build Order
Export as new Build Order

Guido Protoss - Winner!

Build Orders: 1 Gate Expand, Carriers 

Get SALT Encoding   

  12  0:00  Probe  
  13  0:12  Probe  
  14  0:20  Pylon  
  14  0:24  Probe  
  15  0:38  Probe  
  15  0:40  Gateway  
  16  0:50  Assimilator  
  16  0:53  Probe  
  17  1:07  Probe  
  18  1:27  Zealot  
  20  1:41  Nexus  
  20  1:47  Probe  
  21  2:00  Probe  
  22  2:06  Pylon  
  22  2:09  Cybernetics Core  
  22  2:16  Forge  
  22  2:24  Assimilator, Zealot  
  24  2:35  Assimilator  
  24  2:37  Probe  
  25  2:49  Probe  
  26  2:51  Stalker  
  28  3:01  Pylon, Probe  
  29  3:07  Assimilator  
  29  3:08  Probe  
  30  3:14  Probe (Chrono Boost)  
  31  3:25  Stalker, Probe (Chrono Boost)  
  31  3:26  Probe (Chrono Boost)  
  35  3:32  Probe (Chrono Boost)  
  36  3:37  Stargate  
  36  3:47  Probe (Chrono Boost)  
  37  3:55  Probe x2 (Chrono Boost)  
  39  4:01  Probe  
  40  4:03  Probe  
  41  4:12  Pylon  
  41  4:15  Probe (Chrono Boost)  
  43  4:20  Probe (Chrono Boost)  
  43  4:26  Probe (Chrono Boost)  
  43  4:30  Probe (Chrono Boost)  
  43  4:31  Probe (Chrono Boost)  
  45  4:32  Void Ray  
  50  4:40  Probe (Chrono Boost)  
  50  4:42  Probe (Chrono Boost)  
  52  4:46  Stalker  
  52  4:50  Probe x2 (Chrono Boost)  
  56  5:11  Nexus  
  56  5:15  Void Ray  
  56  5:16  Stalker  
  62  5:24  Pylon  
  62  5:42  Nexus  
  62  5:53  Robotics Facility  
  62  5:59  Fleet Beacon  
  62  6:03  Photon Cannon  
  62  6:34  Assimilator  
  58  6:45  Void Ray  
  62  6:47  Stalker  
  62  6:50  Probe  
  65  6:56  Assimilator  
  65  7:02  Probe  
  65  7:04  Assimilator  
  65  7:06  Probe  
  67  7:11  Assimilator  
  67  7:14  Probe  
  68  7:17  Stalker  
  68  7:19  Probe (Chrono Boost), Observer  
  72  7:26  Probe (Chrono Boost)  
  73  7:32  Probe (Chrono Boost)  
  75  7:37  Probe (Chrono Boost)  
  75  7:40  Probe (Chrono Boost)  
  75  7:43  Probe (Chrono Boost)  
  77  7:45  Probe (Chrono Boost)  
  78  7:53  Probe  
  78  7:57  Probe  
  80  8:05  Probe  
  81  8:09  Probe  
  82  8:21  Probe  
  83  8:30  Carrier  
  83  8:33  Probe  
  90  8:36  Stargate  
  90  8:38  Stargate  
  90  8:41  Pylon  
  90  8:45  Probe  
  91  8:50  Pylon  
  91  8:52  Pylon  
  91  8:56  Pylon  
  91  9:00  Pylon  
  91  9:02  Observer  
  92  9:04  Pylon  
  92  9:13  Twilight Council  
  92  9:15  Robotics Bay  
  92  9:17  Pylon  
  92  9:20  Void Ray  
  92  9:21  Carrier  
  102  9:41  Carrier  
  108  9:46  Stalker  
  110  9:56  Gateway  
  110  9:58  Gateway  
  110  10:03  Dark Shrine, Carrier  
  110  10:06  Pylon  
  116  10:10  Probe (Chrono Boost)  
  116  10:13  Protoss Ground Weapons Level 1  
  118  10:14  Probe (Chrono Boost)  
  118  10:21  Probe (Chrono Boost)  
  119  10:23  Probe (Chrono Boost)  
  119  10:25  Carrier  
  119  10:27  Protoss Air Weapons Level 1  
  127  10:28  Probe (Chrono Boost)  
  127  10:37  Probe (Chrono Boost)  
  128  10:47  Carrier  
  128  10:49  Probe (Chrono Boost)  
  135  10:50  Stalker x2  
  135  10:51  Stalker  
  141  11:10  Carrier  
  147  11:25  Extended Thermal Lance  
  147  11:26  Colossus  
  147  11:30  Carrier  
  159  11:37  Dark Templar x2  
  163  11:44  Pylon  
  163  11:45  Pylon  
  163  11:46  Pylon  
  163  11:48  Pylon  
  163  12:02  Carrier, Dark Templar  
  171  12:17  Protoss Ground Armor Level 1  
  171  12:30  Protoss Air Armor Level 1  
  135  13:18  Carrier x3  
  147  13:20  Dark Templar x3  
  119  13:59  Stalker, Dark Templar  
  119  14:00  Dark Templar  
  125  14:16  Colossus  
  131  14:22  Carrier x3  
  149  14:30  Dark Templar  
  151  14:38  Dark Templar  
  151  14:40  Dark Templar  
  164  15:43  Dark Templar x3  
Show
View Real Time Build Order
Export as new Build Order

KrazyLegz Terran - Winner!

Build Orders:  

Get SALT Encoding   

  12  0:09  SCV  
  13  0:27  Supply Depot  
  13  0:31  SCV  
  14  0:50  Supply Depot  
  14  0:55  SCV  
  15  1:08  SCV  
  16  1:11  Refinery  
  16  1:14  Barracks  
  16  1:20  SCV  
  17  1:36  SCV  
  18  1:48  SCV  
  19  2:09  Marine  
  20  2:18  Barracks  
  20  2:19  SCV  
  21  2:27  Marine  
  22  2:31  SCV, Refinery  
  23  2:43  SCV  
  24  2:45  Marine  
  25  3:03  Marine  
  26  3:08  Engineering Bay, SCV  
  27  3:13  Barracks Reactor  
  27  3:20  Marine, SCV  
  29  3:32  Barracks  
  29  3:44  Factory  
  29  3:45  Terran Infantry Weapons Level 1  
  29  3:50  SCV  
  30  3:56  Missile Turret  
  30  4:02  Marine  
  31  4:17  Missile Turret  
  31  4:28  Orbital Command  
  31  4:37  Supply Depot  
  31  4:49  Supply Depot  
  31  4:55  Barracks Tech Lab  
  31  4:58  Barracks Reactor, Marine x2  
  31  4:59  Supply Depot  
  33  5:12  Supply Depot  
  33  5:15  Starport  
  33  5:16  Marine x2  
  35  5:22  Supply Depot  
  35  5:28  Combat Shield  
  35  5:31  Marine  
  35  5:34  Marine x2  
  35  5:35  Supply Depot  
  38  5:40  Terran Infantry Armor Level 1  
  38  5:45  Supply Depot  
  38  5:49  Marine  
  39  5:51  Marine x2, Factory Tech Lab  
  39  5:54  Starport Tech Lab  
  41  5:58  Armory, Starport Reactor  
  41  6:06  Marine  
  41  6:09  Marine x2, SCV  
  45  6:14  Command Center  
  45  6:18  Starport  
  45  6:24  Marine  
  41  6:33  Marine x4  
  45  6:42  Marine  
  46  6:51  Marine x4  
  50  7:00  Marine  
  51  7:08  Marine x2  
  51  7:09  Marine x2  
  51  7:10  Siege Tank  
  51  7:13  Starport Reactor  
  58  7:18  Marine  
  59  7:28  Refinery  
  59  7:30  Barracks  
  59  7:31  Supply Depot  
  59  7:42  Siege Tank  
  62  7:47  SCV  
  63  8:00  SCV  
  64  8:12  SCV  
  65  8:14  Medivac x3  
  65  8:15  Medivac  
  73  8:21  Marine x6  
  73  8:24  SCV  
  80  8:36  SCV  
  80  8:38  Marine  
  80  8:39  Marine x5  
  87  8:55  Medivac  
  87  8:56  Medivac  
  87  8:59  Marine  
  87  9:00  Marine x5  
  97  9:05  SCV  
  99  9:17  Marine x2, SCV  
  101  9:56  SCV  
  102  10:06  Marine  
  102  10:07  Marine x5  
  103  10:08  SCV  
  103  10:10  Terran Infantry Weapons Level 2  
  103  10:12  Terran Vehicle And Ship Armor Level 1  
  109  10:16  Refinery  
  109  10:21  SCV  
  110  10:40  Supply Depot  
  110  10:43  Supply Depot  
  110  10:47  Sensor Tower  
  110  10:55  Barracks Reactor  
  110  11:01  SCV  
  110  11:03  Supply Depot  
  111  11:06  Supply Depot  
  111  11:16  Orbital Command  
  111  11:23  Medivac x4  
  111  11:25  Marine x5  
  121  11:32  Supply Depot  
  124  11:37  Supply Depot  
  124  11:42  Command Center  
  124  11:43  Marine x7  
  131  11:54  Supply Depot  
  131  12:00  Marine  
  131  12:01  Marine x6  
  133  12:04  Missile Turret x2  
  138  12:18  Marine x2  
  138  12:19  Marine x5, Siege Tank  
  148  12:32  Missile Turret  
  148  12:36  Marine x3, Terran Infantry Armor Level 2  
  148  12:37  Marine x4  
  154  12:51  Siege Tank  
  155  13:03  Marine x2  
  155  13:04  Marine x5  
  162  13:21  Marine x3  
  162  13:22  Marine  
  166  13:42  Marine x2  
  166  13:43  Marine x2  
  166  13:44  Marine x3  
  166  13:45  Siege Tank  
  136  14:00  Marine x2  
  136  14:01  Marine x3  
  136  14:02  Marine x2  
  97  14:17  Marine, Siege Tank  
  97  14:19  Marine  
  97  14:20  Marine  
  103  14:42  Marine x5  
  103  14:43  Marine x2  
  110  14:49  Siege Tank  
  113  14:58  Supply Depot  
  113  15:00  Marine x7  
  120  15:13  SCV  
  121  15:17  Marine  
  121  15:18  Marine x6  
  121  15:20  Supply Depot  
  128  15:22  Siege Tank  
  128  15:25  SCV  
  132  15:35  Marine x2  
  132  15:36  Marine x5  
  132  15:37  SCV  
  140  15:49  SCV  
  141  15:50  Supply Depot  
  141  15:54  Marine, Siege Tank  
  145  16:01  SCV  
Show
View Real Time Build Order
Export as new Build Order

chiefseth Terran - Winner!

Build Orders:  

Get SALT Encoding   

  12  0:01  SCV  
  13  0:13  SCV  
  14  0:18  Supply Depot  
  14  0:25  Refinery  
  14  0:29  SCV  
  15  0:41  SCV  
  16  0:46  Barracks  
  16  0:53  SCV  
  17  1:05  Barracks  
  17  1:07  SCV  
  18  1:20  SCV  
  19  1:32  SCV  
  20  1:34  Marine  
  20  1:38  Barracks  
  21  1:46  Orbital Command  
  21  1:52  Marine x2  
  23  2:05  Factory  
  23  2:47  Engineering Bay  
  23  2:49  Factory Tech Lab  
  23  2:59  Supply Depot  
  23  3:00  Command Center  
  23  3:04  Barracks Tech Lab  
  23  3:07  Barracks Reactor  
  23  3:18  Barracks Reactor  
  23  3:21  SCV  
  24  3:28  Supply Depot  
  24  3:32  Marine  
  24  3:33  SCV  
  26  3:45  Refinery, SCV  
  26  3:46  Marine x2  
  29  3:50  Marine  
  29  3:52  Supply Depot  
  30  3:56  Terran Infantry Weapons Level 1  
  30  4:03  SCV  
  30  4:04  Marine x3  
  30  4:05  Marine  
  30  4:08  Marine  
  30  4:09  Supply Depot  
  36  4:14  Missile Turret  
  36  4:16  SCV  
  37  4:17  Missile Turret  
  37  4:18  SCV  
  37  4:22  Marine  
  39  4:32  Siege Tank  
  39  4:34  SCV  
  43  4:49  Marine x4  
  47  4:56  Starport  
  47  4:57  SCV  
  48  5:05  Orbital Command  
  48  5:07  Marine  
  48  5:08  Marine  
  48  5:09  SCV  
  51  5:18  Siege Tank  
  54  5:32  Sensor Tower  
  54  5:35  SCV x2  
  56  5:38  Refinery  
  56  5:41  Refinery  
  56  5:54  Terran Infantry Armor Level 1  
  56  5:58  Starport Reactor  
  56  6:00  Marine x3  
  56  6:01  Marine x2  
  61  6:18  Marine  
  62  6:44  Marine  
  62  6:45  Marine x4  
  62  6:46  Viking  
  69  7:02  SCV  
  70  7:09  Supply Depot  
  70  7:10  Supply Depot  
  70  7:11  Supply Depot  
  70  7:16  Armory  
  70  7:23  Viking, Medivac, Marine, SCV x2  
  70  7:24  Siege Tank  
  70  7:28  Marine x2  
  70  7:29  Marine x2  
  84  7:35  SCV x2  
  86  7:47  Marine x4  
  86  7:48  Marine  
  91  7:53  Viking  
  91  7:57  SCV x2  
  95  7:58  Siege Tank  
  95  8:05  Marine x3  
  100  8:09  Command Center  
  100  8:12  Marine, SCV x2  
  104  8:24  SCV  
  104  8:29  Terran Vehicle Weapons Level 1  
  104  8:30  Terran Infantry Weapons Level 2  
  104  8:49  Sensor Tower  
  104  9:12  Viking, Medivac  
  108  9:24  Refinery  
  108  9:27  Marine x4  
  108  9:28  Marine  
  113  9:31  Thor  
  113  9:38  Supply Depot  
  119  9:39  Supply Depot  
  119  9:41  Viking  
  119  9:45  Marine x4  
  123  9:48  Orbital Command  
  125  9:59  Marine  
  126  10:01  Refinery  
  126  10:03  Marine x2  
  128  10:11  Marine x2  
  130  10:17  Marine  
  130  10:18  Supply Depot  
  130  10:20  Supply Depot, Marine  
  132  10:28  Orbital Command  
  132  10:34  Terran Vehicle Weapons Level 2  
  132  10:46  Terran Infantry Armor Level 2  
  132  10:48  Starport  
  132  10:56  Thor  
  138  10:58  Smart Servos  
  138  11:01  Marine x5  
  143  11:18  Marine  
  143  11:19  Viking x2, Marine x3  
  153  11:35  Starport Reactor  
  153  11:39  Marine  
  151  11:40  Marine  
  151  11:43  Stimpack  
  153  11:49  Viking x2  
  153  12:14  Marine x4  
  157  12:16  Marine  
  157  12:26  Supply Depot  
  157  12:29  Supply Depot  
  157  12:35  Marine x2  
  157  12:37  Viking  
  157  12:47  Marine  
  157  12:48  Viking, Marauder  
  157  12:50  Terran Vehicle And Ship Armor Level 1  
  158  13:07  Viking  
  158  13:11  Marine x5  
  160  13:18  Viking  
  131  13:29  Marine x3  
  131  13:32  Marine x2  
  131  13:33  Siege Tank  
  116  13:40  Viking, Medivac x2  
  118  13:46  Marine  
  118  13:47  Viking, Marine x2  
  119  13:54  Marine x2  
  120  14:04  Marine x3  
  120  14:05  Thor  
  129  14:10  Viking, Medivac  
  129  14:12  Marine x2  
  129  14:13  SCV x3  
  138  14:22  Marine x3  
  141  14:25  SCV x2  
  123  14:54  Marine x5  
  123  14:56  Thor  
  117  15:12  Marine x2  
  107  15:15  Marine x3  
  99  15:27  Barracks  
  99  15:29  Marine x2  
  99  15:33  Marine x3  
  101  15:47  Marine x2  
  101  15:49  Viking x2  
  134  15:50  Viking x2  
  107  15:51  Marine x3  
  108  16:05  Marine x2  
  108  16:09  Marine x3  
Tags
 
Add a new tag
Caveats
  • Supply blocks, unpowered buildings, or Contaminate may cause inaccurate times.
  • Supply counts are checked every 10 seconds.